 Dungeon Crawl Stone Soup version 0.22-a0-419-g492bfec (webtiles) character file.

833 4thArraOfDagon the Cudgeler (level 7, 2/60 HPs)
             Began as a Demigod Warper on May 15, 2018.
             Quit the game on level 8 of the Dungeon.
             The game lasted 00:06:37 (3203 turns).

4thArraOfDagon the Cudgeler (Demigod Warper)        Turns: 3203, Time: 00:06:37

Health: 2/60       AC:  8    Str: 12 (14) XL:     7   Next: 38%
Magic:  13/13      EV: 11    Int: 21      God:
Gold:   102        SH:  0    Dex: 15      Spells: 8/10 levels left

rFire    + . .     SeeInvis .   w - +0 morningstar
rCold    . . .     Gourm    .   (no shield)
rNeg     . . .     Faith    .   g - +3 ring mail
rPois    .         Spirit   .   (no helmet)
rElec    .         Reflect  .   (no cloak)
rCorr    .         Harm     .   (no gloves)
MR       .....                  (no boots)
Stlth    +.........             (no amulet)
HPRegen  0.20/turn              m - ring of protection from fire
MPRegen  0.13/turn              (no ring)

@: lethally poisoned (2 -> -2)
A: high mp 1
a: no special abilities


You were on level 8 of the Dungeon.
You were not hungry.

You visited 1 branch of the dungeon, and saw 8 of its levels.

You collected 102 gold pieces.

Inventory:

Hand Weapons
 a - a +0 mace
 r - a +0 flail
 w - a +0 morningstar (weapon)
Missiles
 e - 9 tomahawks of dispersal (quivered)
 n - 5 tomahawks
Armour
 b - a +0 leather armour
 g - a +3 ring mail (worn)
 p - a +0 plate armour
Jewellery
 m - a ring of protection from fire (left hand)
Wands
 l - a wand of iceblast (4)
 u - a wand of digging (16)
Scrolls
 c - a scroll of immolation {unknown}
 d - 3 scrolls of blinking
 h - 3 scrolls of fog
 j - a scroll of magic mapping
 k - a scroll of teleportation
 q - a scroll of remove curse
Potions
 i - 4 potions of brilliance
Comestibles
 f - 8 rations


   Skills:
 + Level 4.5 Fighting
 * Level 6.2 Maces & Flails
 - Level 0.8 Throwing
 - Level 2.0 Armour
 - Level 2.0 Dodging
 - Level 2.3 Spellcasting
 - Level 2.6 Translocations


You had 8 spell levels left.
You knew the following spells:

 Your Spells              Type           Power        Failure   Level  Hunger
a - Blink                 Tloc           N/A          16%         2    ##.....

Your spell library contained the following spells:

 Spells                   Type           Power        Failure   Level  Hunger
 Teleport Other           Tloc           ##......     30%         3    ###....
 Passage of Golubria      Tloc           N/A          71%         4    #####..
 Shroud of Golubria       Chrm/Tloc      #.........   26%         2    ##.....
 Gell's Gravitas          Tloc           ##........   30%         3    ###....
 Lesser Beckoning         Tloc           ##........   30%         3    ###....


Dungeon Overview and Level Annotations

Branches:
Dungeon (8/15)             Temple (0/1) D:6
   Lair: D:8-11

Annotations:
D:3 4thArraOfDagon's ghost, amateur DgWr
D:5 Grinder


Innate Abilities, Weirdness & Mutations

You have an increased reservoir of magic. (+10% MP)


Message History

* * * LOW HITPOINT WARNING * * *
You are poisoned.
The scorpion poisons you!
You hit the scorpion.
The scorpion is severely wounded.
You feel sick. The centaur hits you.
* * * LOW HITPOINT WARNING * * *
The centaur hits you.
* * * LOW HITPOINT WARNING * * *
The scorpion closely misses you.
You closely miss the scorpion.
The scorpion is severely wounded.
You feel sick.
The centaur hits you but does no damage.
The scorpion stings you!
* * * LOW HITPOINT WARNING * * *
The centaur barely misses you.
Unknown command.
Okay, then.
Are you sure you want to abandon this character and quit the game? (Confirm with "yes".)

#....).#.#
#......#.#.#
##....##.#.#
#....##.#.#
##..##..#.#
#..##..#.#
####...#.#
##..##c#
#....s@#
#..#####
##.....#
#...#.#######
##..........#
#...######.#
##.## #.#
#.#### #.#
#....# #.#


You could see a centaur and a scorpion.

Vanquished Creatures
  A sky beast (D:5)
  A necrophage (D:2)
  2 centaurs
  2 bullfrogs (D:7)
  A scorpion (D:8)
  A hound (D:4)
  An orc wizard (D:8)
  4 orc priests
  An iguana (D:5)
  A worker ant (D:4)
  A hound skeleton (D:4)
  A howler monkey skeleton (D:4)
  An adder (D:4)
  2 adder skeletons
  2 leopard geckos
  6 orcs
  2 giant cockroaches
  2 goblins (D:1)
  3 hobgoblins
  15 jackals
  3 bats (D:1)
  4 frilled lizards
  3 kobolds
  A leopard gecko zombie (D:5)
  3 rats (D:1)
64 creatures vanquished.

Notes
Turn   | Place    | Note
-------+----------+-------------------------------------------
     0 | D:1      | 4thArraOfDagon the Demigod Warper began the quest for the Orb.
     0 | D:1      | Reached XP level 1. HP: 17/17 MP: 5/5
     0 | D:1      | https://legowelt.bandcamp.com/track/psi-academy
    71 | D:1      | Reached skill level 1 in Armour
   207 | D:1      | Reached skill level 2 in Maces & Flails
   335 | D:1      | Reached XP level 2. HP: 10/24 MP: 7/7
   785 | D:2      | Noticed a necrophage
   807 | D:2      | Killed a necrophage
   807 | D:2      | Reached skill level 3 in Maces & Flails
   807 | D:2      | Reached XP level 3. HP: 6/27 MP: 9/9
   807 | D:2      | Reached XP level 4. HP: 8/34 MP: 10/10
   919 | D:2      | Found an opulent altar of Gozag.
  1027 | D:3      | Noticed 4thArraOfDagon's ghost (amateur DgWr)
  1052 | D:4      | Learned a level 2 spell: Blink
  1236 | D:3      | Found a stormy altar of Qazlal.
  1320 | D:4      | Reached XP level 5. HP: 22/44 MP: 11/11
  1533 | D:5      | Entered Level 5 of the Dungeon
  1556 | D:5      | Reached skill level 4 in Maces & Flails
  1595 | D:5      | Noticed an ice beast
  1650 | D:7      | Noticed a hornet
  1680 | D:6      | Found a staircase to the Ecumenical Temple.
  1813 | D:5      | Noticed Grinder
  1813 | D:5      | Noticed an ogre
  1814 | D:5      | Paralysed by Grinder for 3 turns
  1994 | D:6      | Noticed a centaur
  2008 | D:6      | Killed a centaur
  2008 | D:6      | Reached XP level 6. HP: 20/51 MP: 12/12
  2398 | D:5      | Reached skill level 5 in Maces & Flails
  2836 | D:7      | Reached XP level 7. HP: 48/59 MP: 13/13
  2850 | D:7      | Noticed a hog
  2850 | D:7      | Noticed a yak
  2850 | D:7      | Noticed a hog
  2850 | D:7      | Noticed a hog
  2850 | D:7      | Noticed a human
  3041 | D:8      | Reached skill level 6 in Maces & Flails
  3202 | D:8      | HP: 2/60 [scorpion (7)]
  3203 | D:8      | Quit the game

Vault maps used:
D:1:      lightli_arrival_flooded_house
D:2:      nicolae_overflow_crystal_walls, serial_forest,
          infiniplex_forest_clump_curved, infiniplex_forest_clump_diagonal,
          infiniplex_forest_clump_double, infiniplex_forest_straight_2,
          infiniplex_forest_zigzag_1, infiniplex_forest_clump_long,
          okawaru_trees_2
D:3:      nicolae_qazlal_general_emergency, first_ration,
          grunt_gozag_breadcrumbs
D:4:      lemuel_castle_with_subvaults, lemuel_blue_sif_altar
D:5:      minmay_misc_feat_chi, minmay_misc_feat_five, uniq_edmund, uniq_grinder
D:6:      minitemple, temple_green
D:7:      serial_shops, shop, grunt_ministairs_15, grunt_livestock
D:8:      minmay_the_grid_triangle_9x9_rhombus_full, hangedman_decor_growths,
          minmay_misc_feat_x, uniq_maurice

Skill      XL: |  1  2  3  4  5  6  7 |
---------------+----------------------+-----
Armour         | 1 2 |  2.0
Maces & Flails | 2 3 4 5 6 |  6.2
Fighting       | 2 3 4 |  4.5
Dodging        | 2 |  2.0
Spellcasting   | 2 |  2.3
Throwing       | |  0.8
Translocations | |  2.6

Action                   |  1- 3 |  4- 6 |  7- 9 || total
-------------------------+-------+-------+-------++-------
Melee: Mace              |    86 |    81 |       ||   167
       Flail             |       |    34 |       ||    34
       Morningstar       |       |    89 |    43 ||   132
Throw: Tomahawk          |       |     4 |       ||     4
  Use: Scroll            |       |     8 |       ||     8
       Potion            |       |     7 |       ||     7
 Stab: Invisible         |       |     5 |       ||     5
  Eat: Ration            |       |     1 |       ||     1
       Chunk             |       |     3 |     2 ||     5
Armor: Leather armour    |    19 |       |       ||    19
       Plate armour      |    19 |     9 |       ||    28
       Ring mail         |       |   107 |    27 ||   134
       Skin              |       |    23 |       ||    23
Dodge: Dodged            |    54 |   130 |    26 ||   210

Table legend:
 A = Spawn XP
 B = Non-spawn XP
 C = Spawn XP percentage of total XP
 D = Spawn monster count
 E = Non-spawn monster count
 F = Spawn count percentage of total count
 G = Total turns spent on level
                    A         B        C        D         E        F      G
               +---------+---------+-------+---------+---------+-------+---------
         Total |       0 |    1191 |   0.0 |       0 |      64 |   0.0 |  3203
               +---------+---------+-------+---------+---------+-------+---------
           D:1 |       0 |      32 |   0.0 |       0 |      21 |   0.0 |   774
           D:2 |       0 |     126 |   0.0 |       0 |       2 |   0.0 |   184
           D:3 |       0 |       1 |   0.0 |       0 |       1 |   0.0 |   107
           D:4 |       0 |     137 |   0.0 |       0 |      11 |   0.0 |   468
           D:5 |       0 |     170 |   0.0 |       0 |       5 |   0.0 |   368
           D:6 |       0 |     227 |   0.0 |       0 |      15 |   0.0 |   731
           D:7 |       0 |     183 |   0.0 |       0 |       2 |   0.0 |   231
           D:8 |       0 |     315 |   0.0 |       0 |       7 |   0.0 |   340
               +---------+---------+-------+---------+---------+-------+---------
